ARIZONA Coyotes vs LOS ANGELES Kings

Created - 18 février 2024 at 08:14

Goals
1 2 3 T
ARIZONA Coyotes 1 1 0 2
LOS ANGELES Kings 3 2 0 5
Shots
1 2 3 T
ARIZONA Coyotes 9 3 21 33
LOS ANGELES Kings 17 14 9 40

1st period

1. LOS ANGELES Kings , Hampus Lindholm 2 (Jonathan Huberdeau 2, Anze Kopitar 3) at 1:11 (PP)
2. LOS ANGELES Kings , Oskar Sundqvist 1 (Carl Grundstrom 1, Calle Rosen 1) at 10:14
3. LOS ANGELES Kings , Mitchell Marner 5 (Drew Doughty 5, Dawson Mercer 4) at 13:52
4. ARIZONA Coyotes , Nick Bonino 2 (Roman Josi 7, Frederick Gaudreau 2) at 15:39 (SH)

Penalties :
Auston Matthews (ARI) for Holding (Minor) at 0:55, Vladislav Gavrikov (ARI) for High sticking (Minor) at 5:48, Marcus Pettersson (LAK) for Fighting (Major) at 12:34, Vladislav Gavrikov (ARI) for Fighting (Major) at 12:34, Mikey Anderson (ARI) for Roughing (Minor) at 14:02, Mitchell Marner (LAK) for Tripping (Minor) at 19:31

2nd period

5. ARIZONA Coyotes , Ryan Nugent-Hopkins 3 (Roman Josi 8, Auston Matthews 4) at 0:13 (PP)
6. LOS ANGELES Kings , Mitchell Marner 6 (Jonathan Huberdeau 3, Dawson Mercer 5) at 13:20
7. LOS ANGELES Kings , Hampus Lindholm 3 (Anze Kopitar 4, Marcus Pettersson 2) at 15:52 (PP)

Penalties :
Marcus Pettersson (LAK) for Tripping (Minor) at 2:01, Rickard Rakell (ARI) for Tripping (Minor) at 15:03

3rd period

No Goal

Penalties :
Marcus Pettersson (LAK) for Slashing (Minor) at 1:53, Marc Staal (LAK) for Holding (Minor) at 7:51, Jonas Siegenthaler (ARI) for Hooking (Minor) at 12:07

Goalie Stats

Andrei Vasilevskiy (ARI), 35 saves from 40 shots - (0,875), L, 4-2-0, 60:00 minutes
Vitek Vanecek (LAK), 31 saves from 33 shots - (0,939), W, 4-2-0, 60:00 minutes

Players Stats for ARIZONA Coyotes

Player Name              G  A  P  +/- PIM S  H  SB GA TA FO     MP     PP MP  PK MP  
------------------------------------------------------------------------------------
Alec Martinez            0  0  0   0  0   0  1  0  0  0  0/0    19:29   0:00   3:57 
Artemi Panarin           0  0  0  -3  0   6  1  0  0  0  0/1    22:50   3:36   0:00 
Auston Matthews          0  1  1  -3  2   1  2  0  0  0  18/31  22:57   3:36   0:08 
Brandon Sutter           0  0  0   0  0   0  0  0  0  0  10/16   9:24   0:00   5:38 
Frederick Gaudreau       0  1  1   1  0   0  0  0  0  0  8/18   11:37   0:00   1:30 
Garnet Hathaway          0  0  0   0  0   0  0  0  0  0  0/1     3:46   0:00   0:00 
Jonas Siegenthaler       0  0  0  -1  2   0  5  2  0  0  0/0    17:36   0:00   2:05 
Mark Scheifele           0  0  0   0  0   2  1  0  0  0  7/19   16:48   3:36   0:00 
Michael Bunting          0  0  0   0  0   2  4  0  0  0  1/1    12:41   2:34   0:00 
Mikey Anderson           0  0  0  -1  2   1  1  0  0  0  0/0    14:35   0:00   2:35 
Nick Bonino              1  0  1   1  0   2  0  0  0  0  0/0     4:34   0:00   0:48 
Rickard Rakell           0  0  0   0  2   0  0  0  0  0  0/0    16:42   3:03   0:28 
Roman Josi               0  2  2  -1  0   4  1  2  0  0  0/0    24:15   4:05   0:19 
Ryan Hartman             0  0  0   0  0   4  2  0  0  0  0/2    13:10   3:03   0:00 
Ryan Nugent-Hopkins      1  0  1   0  0   5  1  0  0  0  1/1    22:49   4:05   5:32 
Sam Reinhart             0  0  0  -3  0   2  2  0  0  0  1/7    22:17   3:03   0:00 
Scott Mayfield           0  0  0   0  0   1  1  1  0  0  0/0    17:54   2:34   3:46 
Vladislav Gavrikov       0  0  0  -1  7   3  4  3  0  0  0/0    19:28   0:00   1:22 

Players Stats for LOS ANGELES Kings

Player Name              G  A  P  +/- PIM S  H  SB GA TA FO     MP     PP MP  PK MP  
------------------------------------------------------------------------------------
Anze Kopitar             0  2  2   0  0   4  0  0  0  0  21/31  19:41   3:22   2:15 
Calle Rosen              0  1  1   0  0   0  1  1  0  0  0/0    12:39   0:50   0:03 
Carl Grundstrom          0  1  1   1  0   4  0  0  0  0  1/1    13:01   0:00   0:00 
Dawson Mercer            0  2  2   2  0   2  0  0  0  0  8/19   12:54   0:00   0:00 
Dominik Kubalik          0  0  0  -1  0   2  5  0  0  0  0/3    17:44   3:40   0:00 
Drew Doughty             0  1  1   2  0   1  2  1  0  0  0/0    27:55   3:42   3:47 
Hampus Lindholm          2  0  2  -1  0   7  3  1  0  0  0/0    21:16   3:20   3:05 
Joel Kiviranta           0  0  0   0  0   0  2  0  0  0  4/8     6:20   0:00   0:00 
Jonathan Huberdeau       0  2  2   2  0   2  4  0  0  0  0/0    17:49   3:22   1:33 
Marc Staal               0  0  0   2  2   0  0  1  0  0  0/0    18:45   0:00   0:03 
Marcus Pettersson        0  1  1   1  9   2  2  1  0  0  0/0    15:12   2:30   1:43 
Mark Stone               0  0  0   0  0   3  1  0  0  0  1/1    17:26   3:22   0:00 
Mitchell Marner          2  0  2   1  2   9  5  1  0  0  5/11   27:17   3:40   4:24 
Oskar Sundqvist          1  0  1   1  0   2  0  0  0  0  8/15   13:01   0:00   0:00 
Parker Kelly             0  0  0   0  0   0  0  0  0  0  0/0     0:00   0:00   0:00 
Pierre Engvall           0  0  0  -1  0   0  2  0  0  0  3/8    15:06   3:40   5:06 
Rasmus Andersson         0  0  0   0  0   1  2  5  0  0  0/0    24:09   3:42   4:37 
Rem Pitlick              0  0  0   1  0   1  1  0  0  0  0/0    13:01   0:00   0:00 

3 Stars

1 - Mitchell Marner (LAK)
2 - Hampus Lindholm (LAK)
3 - Jonathan Huberdeau (LAK)

Power Play

ARIZONA Coyotes - 1 on 4 Attempt(s) - 25,00%
LOS ANGELES Kings - 2 on 5 Attempt(s) - 40,00%

Penalty Kill

ARIZONA Coyotes - 3 on 5 Attempt(s) - 60,00% - Score 1 goal in Penalty Kill
LOS ANGELES Kings - 3 on 4 Attempt(s) - 75,00% - Score 0 goal in Penalty Kill

Team Stat

ARIZONA Coyotes - Hits : 26 - Faceoff Wins : 46 - Blocked Shots : 8 - Penalty Minutes : 15
LOS ANGELES Kings - Hits : 30 - Faceoff Wins : 51 - Blocked Shots : 11 - Penalty Minutes : 13

Official

Referees : Peter MacDougall and Tom Chmielewski
Linesman : Cassandra Gregory and James Tobias

Game Notes

Marcus Pettersson beats up Vladislav Gavrikov at 12:34 of 1st period

Finance

Level 1 -- Attendance: 6442 (92,03%) -- Ticket Income $631,316
Level 2 -- Attendance: 4024 (80,48%) -- Ticket Income $241,440
Level 3 -- Attendance: 2019 (80,76%) -- Ticket Income $70,665
Level 4 -- Attendance: 4510 (90,20%) -- Ticket Income $90,200
Luxury Box -- Attendance: 776 (77,60%) -- Ticket Income $155,200
Game was played at the Staples Center.
Total Attendance: 17771 (86,69%)
Total Ticket Income: $1,188,821
Other Income: $297,205
Total Income: $1,486,026

ARIZONA Coyotes

5 vs 5 Forward 
   Center                   Left Wing                Right Wing               Time % Phy DF OF 
 1 Auston Matthews          Artemi Panarin           Sam Reinhart             45     1   1  3  
 2 Mark Scheifele           Ryan Nugent-Hopkins      Rickard Rakell           35     1   1  3  
 3 Frederick Gaudreau       Michael Bunting          Ryan Hartman             20     1   2  2  
 4 Brandon Sutter           Nick Bonino              Garnet Hathaway          0      2   3  0  

5 vs 5 Defense 
   Defense                  Defense                                           Time % Phy DF OF 
 1 Roman Josi               Vladislav Gavrikov                                43     1   2  2  
 2 Alec Martinez            Jonas Siegenthaler                                32     1   2  2  
 3 Mikey Anderson           Scott Mayfield                                    25     1   2  2  
 4 Roman Josi               Scott Mayfield                                    0      1   2  2  

PowerPlay Forward 
   Center                   Left Wing                Right Wing               Time % Phy DF OF 
 1 Auston Matthews          Artemi Panarin           Mark Scheifele           80     0   1  4  
 2 Sam Reinhart             Rickard Rakell           Ryan Hartman             20     1   1  3  

PowerPlay Defense
   Defense                  Defense                                           Time % Phy DF OF 
 1 Roman Josi               Ryan Nugent-Hopkins                               80     0   2  3  
 2 Scott Mayfield           Michael Bunting                                   20     1   2  2  

Penalty Kill 4 Players Forward 
   Center                   Wing                     Time % Phy DF OF 
 1 Brandon Sutter           Ryan Nugent-Hopkins      68     1   3  1  
 2 Frederick Gaudreau       Nick Bonino              32     1   4  0  

Penalty Kill 4 Players Defense
   Defense                  Defense                  Time % Phy DF OF 
 1 Vladislav Gavrikov       Alec Martinez            69     1   3  1  
 2 Mikey Anderson           Jonas Siegenthaler       31     2   3  0  

Penalty Kill - 3 Players Forward 
   Forward                                           Time % Phy DF OF 
 1 Brandon Sutter                                    60     1   4  0  
 2 Frederick Gaudreau                                40     1   3  1  

Penalty Kill - 3 Players Defense
   Defense                  Defense                  Time % Phy DF OF 
 1 Scott Mayfield           Alec Martinez            60     2   3  0  
 2 Scott Mayfield           Jonas Siegenthaler       40     2   3  0  

4 vs 4 Forward 
   Center                   Wing                     Time % Phy DF OF 
 1 Auston Matthews          Artemi Panarin           60     1   2  2  
 2 Mark Scheifele           Ryan Nugent-Hopkins      40     1   2  2  

4 vs 4 Defense
   Defense                  Defense                  Time % Phy DF OF 
 1 Roman Josi               Scott Mayfield           60     1   2  2  
 2 Alec Martinez            Jonas Siegenthaler       40     1   2  2  

Last Minutes Offensive
   Center                   Left Wing                Right Wing               Defense                  Defense                  
   Auston Matthews          Artemi Panarin           Sam Reinhart             Roman Josi               Ryan Nugent-Hopkins      

Last Minutes Defensive
   Center                   Left Wing                Right Wing               Defense                  Defense                  
   Brandon Sutter           Frederick Gaudreau       Garnet Hathaway          Vladislav Gavrikov       Alec Martinez            

Goaltenders
Starting : Andrei Vasilevskiy       
Backup : Kevin Lankinen           

Extra Forwards
Normal : Michael Bunting, Artemi Panarin, Frederick Gaudreau - PP : Michael Bunting, Artemi Panarin - PK : Frederick Gaudreau
Extra Defensemen
Normal : Mikey Anderson, Vladislav Gavrikov, Alec Martinez - PP : Mikey Anderson - PK : Vladislav Gavrikov, Alec Martinez
Penalty Shots
Auston Matthews, Ryan Nugent-Hopkins, Mark Scheifele, Sam Reinhart, Rickard Rakell

Scratches
Morgan Frost (Healthy)

LOS ANGELES Kings

5 vs 5 Forward 
   Center                   Left Wing                Right Wing               Time % Phy DF OF 
 1 Dawson Mercer            Jonathan Huberdeau       Mitchell Marner          40     1   2  2  
 2 Anze Kopitar             Dominik Kubalik          Mark Stone               30     1   2  2  
 3 Oskar Sundqvist          Carl Grundstrom          Rem Pitlick              20     1   2  2  
 4 Joel Kiviranta           Pierre Engvall           Mitchell Marner          10     1   2  2  

5 vs 5 Defense 
   Defense                  Defense                                           Time % Phy DF OF 
 1 Drew Doughty             Marc Staal                                        40     1   2  2  
 2 Rasmus Andersson         Hampus Lindholm                                   30     1   2  2  
 3 Marcus Pettersson        Calle Rosen                                       20     1   2  2  
 4 Drew Doughty             Rasmus Andersson                                  10     1   2  2  

PowerPlay Forward 
   Center                   Left Wing                Right Wing               Time % Phy DF OF 
 1 Pierre Engvall           Mitchell Marner          Dominik Kubalik          60     1   1  3  
 2 Anze Kopitar             Jonathan Huberdeau       Mark Stone               40     1   1  3  

PowerPlay Defense
   Defense                  Defense                                           Time % Phy DF OF 
 1 Drew Doughty             Rasmus Andersson                                  60     1   2  2  
 2 Marcus Pettersson        Hampus Lindholm                                   40     1   2  2  

Penalty Kill 4 Players Forward 
   Center                   Wing                     Time % Phy DF OF 
 1 Mitchell Marner          Pierre Engvall           60     1   2  2  
 2 Anze Kopitar             Jonathan Huberdeau       40     1   2  2  

Penalty Kill 4 Players Defense
   Defense                  Defense                  Time % Phy DF OF 
 1 Marcus Pettersson        Rasmus Andersson         60     1   2  2  
 2 Hampus Lindholm          Drew Doughty             40     1   2  2  

Penalty Kill - 3 Players Forward 
   Forward                                           Time % Phy DF OF 
 1 Anze Kopitar                                      60     1   2  2  
 2 Mitchell Marner                                   40     1   2  2  

Penalty Kill - 3 Players Defense
   Defense                  Defense                  Time % Phy DF OF 
 1 Marcus Pettersson        Rasmus Andersson         60     1   2  2  
 2 Drew Doughty             Hampus Lindholm          40     1   2  2  

4 vs 4 Forward 
   Center                   Wing                     Time % Phy DF OF 
 1 Anze Kopitar             Mitchell Marner          60     1   2  2  
 2 Mark Stone               Jonathan Huberdeau       40     1   2  2  

4 vs 4 Defense
   Defense                  Defense                  Time % Phy DF OF 
 1 Drew Doughty             Rasmus Andersson         60     1   2  2  
 2 Marcus Pettersson        Hampus Lindholm          40     1   2  2  

Last Minutes Offensive
   Center                   Left Wing                Right Wing               Defense                  Defense                  
   Anze Kopitar             Jonathan Huberdeau       Mitchell Marner          Drew Doughty             Rasmus Andersson         

Last Minutes Defensive
   Center                   Left Wing                Right Wing               Defense                  Defense                  
   Dawson Mercer            Mitchell Marner          Pierre Engvall           Drew Doughty             Rasmus Andersson         

Goaltenders
Starting : Vitek Vanecek            
Backup : Kaapo Kahkonen           

Extra Forwards
Normal : Anze Kopitar, Mitchell Marner, Jonathan Huberdeau - PP : Anze Kopitar, Mitchell Marner - PK : Mitchell Marner
Extra Defensemen
Normal : Marcus Pettersson, Drew Doughty, Rasmus Andersson - PP : Marcus Pettersson - PK : Drew Doughty, Rasmus Andersson
Penalty Shots
Mitchell Marner, Jonathan Huberdeau, Mark Stone, Anze Kopitar, Dawson Mercer

Scratches
None


% Time on Ice - ARIZONA Coyotes

Lines # - Real PCT - Wanted PCT - Time Play
Normal Forward
1 - 42% - 45% - 19:14
2 - 28% - 35% - 13:12
3 - 22% - 20% - 10:07
4 - 8% - 0% - 3:46
Normal Defense
1 - 41% - 43% - 19:13
2 - 34% - 32% - 15:32
3 - 23% - 25% - 10:44
4 - 2% - 0% - 0:50
PP Forward
1 - 54% - 80% - 3:36
2 - 46% - 20% - 3:03
PP Defense
1 - 61% - 80% - 4:05
2 - 39% - 20% - 2:34
PK Forward
1 - 89% - 68% - 6:14
2 - 11% - 32% - 0:48
PK Defense
1 - 48% - 69% - 3:24
2 - 52% - 31% - 3:38
PK3 Forward
1 - 0% - 60%
2 - 0% - 40%
PK3 Defense
1 - 0% - 60%
2 - 0% - 40%
44 Forward
1 - 0% - 60%
2 - 0% - 40%
44 Defense
1 - 0% - 60%
2 - 0% - 40%
Last Minute Offensive  - 0:00
Last Minute Defensive  - 0:00
Total
Forward - 60:00
Defense - 60:00

% Time on Ice - LOS ANGELES Kings

Lines # - Real PCT - Wanted PCT - Time Play
Normal Forward
1 - 28% - 40% - 12:54
2 - 30% - 30% - 14:04
3 - 28% - 20% - 13:01
4 - 14% - 10% - 6:20
Normal Defense
1 - 40% - 40% - 18:43
2 - 31% - 30% - 14:17
3 - 25% - 20% - 11:46
4 - 3% - 10% - 1:33
PP Forward
1 - 52% - 60% - 3:40
2 - 48% - 40% - 3:22
PP Defense
1 - 53% - 60% - 3:42
2 - 47% - 40% - 3:20
PK Forward
1 - 77% - 60% - 5:06
2 - 23% - 40% - 1:33
PK Defense
1 - 70% - 60% - 4:40
2 - 30% - 40% - 1:59
PK3 Forward
1 - 0% - 60%
2 - 0% - 40%
PK3 Defense
1 - 0% - 60%
2 - 0% - 40%
44 Forward
1 - 0% - 60%
2 - 0% - 40%
44 Defense
1 - 0% - 60%
2 - 0% - 40%
Last Minute Offensive  - 0:00
Last Minute Defensive  - 0:00
Total
Forward - 60:00
Defense - 60:00

Play-by-Play

1st period


0:01 of 1st period - Dawson Mercer wins face-off versus Sam Reinhart in neutral zone.
0:03 of 1st period - Marc Staal is hit by Roman Josi.
0:12 of 1st period - Mitchell Marner is hit by Vladislav Gavrikov and loses puck.
0:25 of 1st period - Shot by Dawson Mercer.
0:25 of 1st period - Shot Misses the Net.
0:55 of 1st period - Minor Penalty to Auston Matthews for Holding.
0:56 of 1st period - Pierre Engvall wins face-off versus Brandon Sutter in ARIZONA Coyotes zone.
1:01 of 1st period - Shot by Marcus Pettersson.
1:01 of 1st period - Shot Misses the Net.
1:03 of 1st period - Shot by Marcus Pettersson.
1:03 of 1st period - Stopped by Andrei Vasilevskiy without a rebound.
1:04 of 1st period - Anze Kopitar wins face-off versus Brandon Sutter in ARIZONA Coyotes zone.
1:11 of 1st period - Shot by Hampus Lindholm.
1:11 of 1st period - Goal by Hampus Lindholm - ARIZONA Coyotes : 0 - LOS ANGELES Kings : 1.
1:12 of 1st period - Anze Kopitar wins face-off versus Mark Scheifele in neutral zone.
1:37 of 1st period - Ryan Nugent-Hopkins is hit by Dominik Kubalik and loses puck.
1:44 of 1st period - Shot by Ryan Nugent-Hopkins.
1:44 of 1st period - Stopped by Vitek Vanecek without a rebound.
1:45 of 1st period - Oskar Sundqvist wins face-off versus Frederick Gaudreau in LOS ANGELES Kings zone.
1:45 of 1st period - Oskar Sundqvist is hit by Michael Bunting.
2:18 of 1st period - Shot by Oskar Sundqvist.
2:18 of 1st period - Stopped by Andrei Vasilevskiy with a rebound.
2:20 of 1st period - Shot by Oskar Sundqvist.
2:20 of 1st period - Shot Misses the Net.
2:24 of 1st period - Shot by Carl Grundstrom.
2:24 of 1st period - Stopped by Andrei Vasilevskiy with a rebound.
2:26 of 1st period - Shot by Carl Grundstrom.
2:26 of 1st period - Stopped by Andrei Vasilevskiy without a rebound.
2:27 of 1st period - Joel Kiviranta wins face-off versus Mark Scheifele in ARIZONA Coyotes zone.
2:51 of 1st period - Shot by Ryan Nugent-Hopkins.
2:51 of 1st period - Stopped by Vitek Vanecek without a rebound.
2:52 of 1st period - Anze Kopitar wins face-off versus Auston Matthews in LOS ANGELES Kings zone.
2:52 of 1st period - Anze Kopitar is hit by Artemi Panarin.
3:32 of 1st period - Shot by Auston Matthews.
3:32 of 1st period - Shot Misses the Net.
3:53 of 1st period - Icing by Jonathan Huberdeau.
3:54 of 1st period - Mark Scheifele wins face-off versus Dawson Mercer in LOS ANGELES Kings zone.
4:29 of 1st period - Dawson Mercer is hit by Scott Mayfield and loses puck.
4:47 of 1st period - Icing by Scott Mayfield.
4:48 of 1st period - Oskar Sundqvist wins face-off versus Mark Scheifele in ARIZONA Coyotes zone.
5:28 of 1st period - Off-side.
5:29 of 1st period - Auston Matthews wins face-off versus Anze Kopitar in neutral zone.
5:37 of 1st period - Shot by Anze Kopitar.
5:37 of 1st period - Shot Misses the Net.
5:39 of 1st period - Shot by Anze Kopitar.
5:39 of 1st period - Stopped by Andrei Vasilevskiy without a rebound.
5:40 of 1st period - Dawson Mercer wins face-off versus Brandon Sutter in ARIZONA Coyotes zone.
5:43 of 1st period - Shot by Drew Doughty.
5:43 of 1st period - Shot Blocked by Vladislav Gavrikov.
5:46 of 1st period - Dawson Mercer is hit by Vladislav Gavrikov and loses puck.
5:48 of 1st period - Minor Penalty to Vladislav Gavrikov for High sticking.
5:49 of 1st period - Brandon Sutter wins face-off versus Pierre Engvall in ARIZONA Coyotes zone.
6:16 of 1st period - Icing by Dominik Kubalik.
6:17 of 1st period - Pierre Engvall wins face-off versus Brandon Sutter in LOS ANGELES Kings zone.
6:37 of 1st period - Icing by Rasmus Andersson.
6:38 of 1st period - Brandon Sutter wins face-off versus Dominik Kubalik in LOS ANGELES Kings zone.
6:55 of 1st period - Shot by Ryan Nugent-Hopkins.
6:55 of 1st period - Stopped by Vitek Vanecek without a rebound.
6:56 of 1st period - Anze Kopitar wins face-off versus Frederick Gaudreau in LOS ANGELES Kings zone.
7:07 of 1st period - Shot by Jonathan Huberdeau.
7:07 of 1st period - Stopped by Andrei Vasilevskiy without a rebound.
7:08 of 1st period - Brandon Sutter wins face-off versus Anze Kopitar in ARIZONA Coyotes zone.
7:18 of 1st period - Icing by Anze Kopitar.
7:19 of 1st period - Anze Kopitar wins face-off versus Brandon Sutter in LOS ANGELES Kings zone.
7:24 of 1st period - Shot by Marcus Pettersson.
7:24 of 1st period - Shot Misses the Net.
7:38 of 1st period - Shot by Hampus Lindholm.
7:38 of 1st period - Shot Misses the Net.
7:40 of 1st period - Shot by Hampus Lindholm.
7:40 of 1st period - Stopped by Andrei Vasilevskiy without a rebound.
7:41 of 1st period - Frederick Gaudreau wins face-off versus Pierre Engvall in ARIZONA Coyotes zone.
8:18 of 1st period - Shot by Carl Grundstrom.
8:18 of 1st period - Stopped by Andrei Vasilevskiy without a rebound.
8:19 of 1st period - Dawson Mercer wins face-off versus Frederick Gaudreau in ARIZONA Coyotes zone.
8:19 of 1st period - Rasmus Andersson is hit by Jonas Siegenthaler and loses puck.
8:49 of 1st period - Shot by Michael Bunting.
8:49 of 1st period - Shot Blocked by Rasmus Andersson.
8:51 of 1st period - Shot by Frederick Gaudreau.
8:51 of 1st period - Shot Blocked by Rasmus Andersson.
8:53 of 1st period - Shot by Jonas Siegenthaler.
8:53 of 1st period - Shot Blocked by Rasmus Andersson.
8:55 of 1st period - Shot by Frederick Gaudreau.
8:55 of 1st period - Shot Blocked by Hampus Lindholm.
9:00 of 1st period - Icing by Rasmus Andersson.
9:01 of 1st period - Auston Matthews wins face-off versus Dawson Mercer in LOS ANGELES Kings zone.
9:19 of 1st period - Off-side.
9:20 of 1st period - Anze Kopitar wins face-off versus Mark Scheifele in neutral zone.
9:23 of 1st period - Shot by Drew Doughty.
9:23 of 1st period - Shot Misses the Net.
9:25 of 1st period - Shot by Marc Staal.
9:25 of 1st period - Shot Misses the Net.
9:30 of 1st period - Mark Stone is hit by Mikey Anderson and loses puck.
9:44 of 1st period - Off-side.
9:45 of 1st period - Auston Matthews wins face-off versus Oskar Sundqvist in neutral zone.
9:48 of 1st period - Shot by Roman Josi.
9:48 of 1st period - Stopped by Vitek Vanecek without a rebound.
9:49 of 1st period - Carl Grundstrom wins face-off versus Auston Matthews in LOS ANGELES Kings zone.
10:12 of 1st period - Shot by Calle Rosen.
10:12 of 1st period - Shot Misses the Net.
10:14 of 1st period - Shot by Carl Grundstrom.
10:14 of 1st period - Deflect By Oskar Sundqvist.
10:14 of 1st period - Goal by Oskar Sundqvist - ARIZONA Coyotes : 0 - LOS ANGELES Kings : 2.
10:15 of 1st period - Mitchell Marner wins face-off versus Mark Scheifele in neutral zone.
10:15 of 1st period - Mitchell Marner is hit by Ryan Nugent-Hopkins.
11:05 of 1st period - Icing by Marc Staal.
11:06 of 1st period - Auston Matthews wins face-off versus Dawson Mercer in LOS ANGELES Kings zone.
11:30 of 1st period - Shot by Vladislav Gavrikov.
11:30 of 1st period - Shot Blocked by Mitchell Marner.
11:32 of 1st period - Shot by Sam Reinhart.
11:32 of 1st period - Stopped by Vitek Vanecek without a rebound.
11:33 of 1st period - Anze Kopitar wins face-off versus Frederick Gaudreau in LOS ANGELES Kings zone.
11:33 of 1st period - Rasmus Andersson is hit by Michael Bunting and loses puck.
11:58 of 1st period - Shot by Ryan Hartman.
11:58 of 1st period - Stopped by Vitek Vanecek without a rebound.
11:59 of 1st period - Oskar Sundqvist wins face-off versus Auston Matthews in LOS ANGELES Kings zone.
12:34 of 1st period - Marcus Pettersson beats up Vladislav Gavrikov.
12:34 of 1st period - Penalty to Marcus Pettersson for Fighting.
12:34 of 1st period - Penalty to Vladislav Gavrikov for Fighting.
12:35 of 1st period - Mark Scheifele wins face-off versus Anze Kopitar in ARIZONA Coyotes zone.
12:35 of 1st period - Mark Scheifele is hit by Dominik Kubalik.
12:45 of 1st period - Shot by Mark Scheifele.
12:45 of 1st period - Shot Misses the Net.
13:11 of 1st period - Shot by Mark Stone.
13:11 of 1st period - Shot Misses the Net.
13:31 of 1st period - Shot by Mitchell Marner.
13:31 of 1st period - Stopped by Andrei Vasilevskiy without a rebound.
13:32 of 1st period - Auston Matthews wins face-off versus Dawson Mercer in ARIZONA Coyotes zone.
13:32 of 1st period - Auston Matthews is hit by Mitchell Marner.
13:50 of 1st period - Shot by Mitchell Marner.
13:50 of 1st period - Shot Misses the Net.
13:52 of 1st period - Shot by Mitchell Marner.
13:52 of 1st period - Goal by Mitchell Marner - ARIZONA Coyotes : 0 - LOS ANGELES Kings : 3.
13:53 of 1st period - Oskar Sundqvist wins face-off versus Frederick Gaudreau in neutral zone.
13:58 of 1st period - Frederick Gaudreau is hit by Rem Pitlick and loses puck.
14:02 of 1st period - Minor Penalty to Mikey Anderson for Roughing.
14:03 of 1st period - Brandon Sutter wins face-off versus Pierre Engvall in ARIZONA Coyotes zone.
14:03 of 1st period - Brandon Sutter is hit by Pierre Engvall.
14:15 of 1st period - Shot by Pierre Engvall.
14:15 of 1st period - Deflect By Mitchell Marner.
14:15 of 1st period - Stopped by Andrei Vasilevskiy without a rebound.
14:16 of 1st period - Brandon Sutter wins face-off versus Anze Kopitar in ARIZONA Coyotes zone.
15:39 of 1st period - Shot by Nick Bonino.
15:39 of 1st period - Goal by Nick Bonino - ARIZONA Coyotes : 1 - LOS ANGELES Kings : 3.
15:40 of 1st period - Brandon Sutter wins face-off versus Dominik Kubalik in neutral zone.
16:19 of 1st period - Shot by Oskar Sundqvist.
16:19 of 1st period - Shot Blocked by Roman Josi.
16:21 of 1st period - Shot by Oskar Sundqvist.
16:21 of 1st period - Shot Misses the Net.
16:35 of 1st period - Shot by Hampus Lindholm.
16:35 of 1st period - Stopped by Andrei Vasilevskiy without a rebound.
16:36 of 1st period - Frederick Gaudreau wins face-off versus Joel Kiviranta in ARIZONA Coyotes zone.
16:49 of 1st period - Frederick Gaudreau is hit by Joel Kiviranta and loses puck.
17:27 of 1st period - Icing by Frederick Gaudreau.
17:28 of 1st period - Anze Kopitar wins face-off versus Frederick Gaudreau in ARIZONA Coyotes zone.
17:47 of 1st period - Shot by Mark Stone.
17:47 of 1st period - Deflect By Dominik Kubalik.
17:47 of 1st period - Stopped by Andrei Vasilevskiy without a rebound.
17:48 of 1st period - Auston Matthews wins face-off versus Oskar Sundqvist in ARIZONA Coyotes zone.
18:06 of 1st period - Shot by Auston Matthews.
18:06 of 1st period - Shot Misses the Net.
18:08 of 1st period - Shot by Vladislav Gavrikov.
18:08 of 1st period - Shot Blocked by Marcus Pettersson.
18:41 of 1st period - Sam Reinhart is hit by Mitchell Marner and loses puck.
19:00 of 1st period - Icing by Mikey Anderson.
19:01 of 1st period - Anze Kopitar wins face-off versus Mark Scheifele in ARIZONA Coyotes zone.
19:12 of 1st period - Shot by Anze Kopitar.
19:12 of 1st period - Stopped by Andrei Vasilevskiy without a rebound.
19:13 of 1st period - Dawson Mercer wins face-off versus Frederick Gaudreau in ARIZONA Coyotes zone.
19:30 of 1st period - Shot by Mitchell Marner.
19:30 of 1st period - Stopped by Andrei Vasilevskiy with a rebound.
19:31 of 1st period - Minor Penalty to Mitchell Marner for Tripping.
19:32 of 1st period - Anze Kopitar wins face-off versus Auston Matthews in LOS ANGELES Kings zone.
19:51 of 1st period - Shot by Auston Matthews.
19:51 of 1st period - Stopped by Vitek Vanecek with a rebound.
19:53 of 1st period - Shot by Artemi Panarin.
19:53 of 1st period - Stopped by Vitek Vanecek without a rebound.
19:54 of 1st period - Anze Kopitar wins face-off versus Sam Reinhart in LOS ANGELES Kings zone.
19:56 of 1st period - Rasmus Andersson is hit by Sam Reinhart and loses puck.
Goals for this period are 1 for ARIZONA Coyotes vs 3 for LOS ANGELES Kings.
Shots for this period are 9 for ARIZONA Coyotes vs 17 for LOS ANGELES Kings.

2nd period


0:01 of 2nd period - Anze Kopitar wins face-off versus Artemi Panarin in neutral zone.
0:11 of 2nd period - Shot by Roman Josi.
0:11 of 2nd period - Shot Blocked by Rasmus Andersson.
0:13 of 2nd period - Shot by Ryan Nugent-Hopkins.
0:13 of 2nd period - Goal by Ryan Nugent-Hopkins - ARIZONA Coyotes : 2 - LOS ANGELES Kings : 3.
0:14 of 2nd period - Frederick Gaudreau wins face-off versus Dawson Mercer in neutral zone.
0:22 of 2nd period - Jonathan Huberdeau is hit by Ryan Hartman and loses puck.
0:39 of 2nd period - Shot by Frederick Gaudreau.
0:39 of 2nd period - Shot Blocked by Marc Staal.
0:45 of 2nd period - Frederick Gaudreau is hit by Jonathan Huberdeau and loses puck.
1:12 of 2nd period - Shot by Mark Stone.
1:12 of 2nd period - Shot Misses the Net.
1:26 of 2nd period - Shot by Anze Kopitar.
1:26 of 2nd period - Deflect By Mark Stone.
1:26 of 2nd period - Stopped by Andrei Vasilevskiy without a rebound.
1:27 of 2nd period - Oskar Sundqvist wins face-off versus Auston Matthews in ARIZONA Coyotes zone.
2:01 of 2nd period - Minor Penalty to Marcus Pettersson for Tripping.
2:02 of 2nd period - Auston Matthews wins face-off versus Mitchell Marner in LOS ANGELES Kings zone.
3:29 of 2nd period - Icing by Scott Mayfield.
3:30 of 2nd period - Anze Kopitar wins face-off versus Sam Reinhart in ARIZONA Coyotes zone.
3:42 of 2nd period - Icing by Scott Mayfield.
3:43 of 2nd period - Mitchell Marner wins face-off versus Sam Reinhart in ARIZONA Coyotes zone.
3:45 of 2nd period - Pierre Engvall is hit by Michael Bunting and loses puck.
4:59 of 2nd period - Marcus Pettersson is hit by Vladislav Gavrikov and loses puck.
5:41 of 2nd period - Shot by Rem Pitlick.
5:41 of 2nd period - Shot Misses the Net.
6:04 of 2nd period - Hampus Lindholm is hit by Mark Scheifele and loses puck.
6:17 of 2nd period - Shot by Mitchell Marner.
6:17 of 2nd period - Stopped by Andrei Vasilevskiy without a rebound.
6:18 of 2nd period - Auston Matthews wins face-off versus Joel Kiviranta in ARIZONA Coyotes zone.
6:34 of 2nd period - Sam Reinhart is hit by Hampus Lindholm.
6:40 of 2nd period - Artemi Panarin is hit by Mitchell Marner and loses puck.
6:51 of 2nd period - Shot by Joel Kiviranta.
6:51 of 2nd period - Shot Misses the Net.
7:08 of 2nd period - Icing by Hampus Lindholm.
7:09 of 2nd period - Frederick Gaudreau wins face-off versus Joel Kiviranta in LOS ANGELES Kings zone.
7:09 of 2nd period - Scott Mayfield is hit by Hampus Lindholm and loses puck.
7:24 of 2nd period - Shot by Frederick Gaudreau.
7:24 of 2nd period - Shot Misses the Net.
7:26 of 2nd period - Shot by Ryan Hartman.
7:26 of 2nd period - Stopped by Vitek Vanecek with a rebound.
7:30 of 2nd period - Shot by Michael Bunting.
7:30 of 2nd period - Stopped by Vitek Vanecek without a rebound.
7:31 of 2nd period - Brandon Sutter wins face-off versus Anze Kopitar in LOS ANGELES Kings zone.
7:58 of 2nd period - Shot by Anze Kopitar.
7:58 of 2nd period - Shot Misses the Net.
8:37 of 2nd period - Shot by Oskar Sundqvist.
8:37 of 2nd period - Deflect By Carl Grundstrom.
8:37 of 2nd period - Stopped by Andrei Vasilevskiy with a rebound.
8:39 of 2nd period - Shot by Marcus Pettersson.
8:39 of 2nd period - Deflect By Rem Pitlick.
8:39 of 2nd period - Shot Blocked by Jonas Siegenthaler.
8:41 of 2nd period - Shot by Oskar Sundqvist.
8:41 of 2nd period - Shot Misses the Net.
9:05 of 2nd period - Shot by Marcus Pettersson.
9:05 of 2nd period - Shot Misses the Net.
9:19 of 2nd period - Shot by Mitchell Marner.
9:19 of 2nd period - Stopped by Andrei Vasilevskiy with a rebound.
9:21 of 2nd period - Shot by Mitchell Marner.
9:21 of 2nd period - Stopped by Andrei Vasilevskiy without a rebound.
9:22 of 2nd period - Joel Kiviranta wins face-off versus Mark Scheifele in ARIZONA Coyotes zone.
10:20 of 2nd period - Off-side.
10:21 of 2nd period - Anze Kopitar wins face-off versus Frederick Gaudreau in neutral zone.
10:36 of 2nd period - Shot by Hampus Lindholm.
10:36 of 2nd period - Stopped by Andrei Vasilevskiy with a rebound.
11:29 of 2nd period - Icing by Calle Rosen.
11:30 of 2nd period - Mark Scheifele wins face-off versus Oskar Sundqvist in LOS ANGELES Kings zone.
11:30 of 2nd period - Mark Scheifele is hit by Marcus Pettersson.
12:39 of 2nd period - Icing by Drew Doughty.
12:40 of 2nd period - Dawson Mercer wins face-off versus Sam Reinhart in LOS ANGELES Kings zone.
12:57 of 2nd period - Shot by Mitchell Marner.
12:57 of 2nd period - Deflect By Jonathan Huberdeau.
12:57 of 2nd period - Stopped by Andrei Vasilevskiy without a rebound.
12:58 of 2nd period - Frederick Gaudreau wins face-off versus Anze Kopitar in ARIZONA Coyotes zone.
13:15 of 2nd period - Shot by Anze Kopitar.
13:15 of 2nd period - Stopped by Andrei Vasilevskiy without a rebound.
13:16 of 2nd period - Dawson Mercer wins face-off versus Auston Matthews in ARIZONA Coyotes zone.
13:20 of 2nd period - Shot by Mitchell Marner.
13:20 of 2nd period - Goal by Mitchell Marner - ARIZONA Coyotes : 2 - LOS ANGELES Kings : 4.
13:21 of 2nd period - Auston Matthews wins face-off versus Dawson Mercer in neutral zone.
13:24 of 2nd period - Dawson Mercer is hit by Auston Matthews.
13:35 of 2nd period - Mitchell Marner is hit by Jonas Siegenthaler and loses puck.
13:57 of 2nd period - Jonathan Huberdeau is hit by Jonas Siegenthaler and loses puck.
14:19 of 2nd period - Anze Kopitar is hit by Jonas Siegenthaler and loses puck.
14:32 of 2nd period - Shot by Mark Stone.
14:32 of 2nd period - Shot Misses the Net.
14:42 of 2nd period - Shot by Anze Kopitar.
14:42 of 2nd period - Deflect By Mark Stone.
14:42 of 2nd period - Stopped by Andrei Vasilevskiy without a rebound.
14:43 of 2nd period - Oskar Sundqvist wins face-off versus Mark Scheifele in ARIZONA Coyotes zone.
14:48 of 2nd period - Shot by Oskar Sundqvist.
14:48 of 2nd period - Shot Blocked by Vladislav Gavrikov.
14:59 of 2nd period - Mark Scheifele is hit by Marcus Pettersson and loses puck.
15:03 of 2nd period - Minor Penalty to Rickard Rakell for Tripping.
15:04 of 2nd period - Brandon Sutter wins face-off versus Pierre Engvall in ARIZONA Coyotes zone.
15:04 of 2nd period - Brandon Sutter is hit by Pierre Engvall.
15:27 of 2nd period - Shot by Rasmus Andersson.
15:27 of 2nd period - Stopped by Andrei Vasilevskiy without a rebound.
15:28 of 2nd period - Ryan Nugent-Hopkins wins face-off versus Anze Kopitar in ARIZONA Coyotes zone.
15:28 of 2nd period - Ryan Nugent-Hopkins is hit by Jonathan Huberdeau.
15:50 of 2nd period - Shot by Anze Kopitar.
15:50 of 2nd period - Shot Misses the Net.
15:52 of 2nd period - Shot by Hampus Lindholm.
15:52 of 2nd period - Goal by Hampus Lindholm - ARIZONA Coyotes : 2 - LOS ANGELES Kings : 5.
15:53 of 2nd period - Frederick Gaudreau wins face-off versus Joel Kiviranta in neutral zone.
16:01 of 2nd period - Icing by Drew Doughty.
16:02 of 2nd period - Joel Kiviranta wins face-off versus Auston Matthews in LOS ANGELES Kings zone.
16:09 of 2nd period - Vladislav Gavrikov is hit by Joel Kiviranta and loses puck.
16:18 of 2nd period - Shot by Mitchell Marner.
16:18 of 2nd period - Stopped by Andrei Vasilevskiy with a rebound.
16:26 of 2nd period - Shot by Auston Matthews.
16:26 of 2nd period - Shot Misses the Net.
16:28 of 2nd period - Shot by Auston Matthews.
16:28 of 2nd period - Shot Misses the Net.
16:39 of 2nd period - Artemi Panarin is hit by Drew Doughty and loses puck.
17:18 of 2nd period - Mikey Anderson is hit by Dominik Kubalik and loses puck.
17:23 of 2nd period - Shot by Dominik Kubalik.
17:23 of 2nd period - Shot Blocked by Scott Mayfield.
17:25 of 2nd period - Shot by Dominik Kubalik.
17:25 of 2nd period - Shot Misses the Net.
17:27 of 2nd period - Shot by Dominik Kubalik.
17:27 of 2nd period - Stopped by Andrei Vasilevskiy without a rebound.
17:28 of 2nd period - Michael Bunting wins face-off versus Oskar Sundqvist in ARIZONA Coyotes zone.
17:41 of 2nd period - Shot by Oskar Sundqvist.
17:41 of 2nd period - Shot Blocked by Jonas Siegenthaler.
17:53 of 2nd period - Shot by Oskar Sundqvist.
17:53 of 2nd period - Shot Misses the Net.
18:57 of 2nd period - Shot by Jonathan Huberdeau.
18:57 of 2nd period - Shot Blocked by Roman Josi.
19:02 of 2nd period - Icing by Artemi Panarin.
19:03 of 2nd period - Anze Kopitar wins face-off versus Auston Matthews in ARIZONA Coyotes zone.
19:42 of 2nd period - Shot by Anze Kopitar.
19:42 of 2nd period - Shot Misses the Net.
19:57 of 2nd period - Vladislav Gavrikov is hit by Jonathan Huberdeau.
Goals for this period are 1 for ARIZONA Coyotes vs 2 for LOS ANGELES Kings.
Shots for this period are 3 for ARIZONA Coyotes vs 14 for LOS ANGELES Kings.

3rd period


0:01 of 3rd period - Mark Scheifele wins face-off versus Dawson Mercer in neutral zone.
0:08 of 3rd period - Ryan Nugent-Hopkins is hit by Jonathan Huberdeau and loses puck.
0:26 of 3rd period - Shot by Vladislav Gavrikov.
0:26 of 3rd period - Stopped by Vitek Vanecek with a rebound.
0:28 of 3rd period - Shot by Vladislav Gavrikov.
0:28 of 3rd period - Stopped by Vitek Vanecek without a rebound.
0:29 of 3rd period - Auston Matthews wins face-off versus Dominik Kubalik in LOS ANGELES Kings zone.
0:54 of 3rd period - Shot by Anze Kopitar.
0:54 of 3rd period - Shot Misses the Net.
1:24 of 3rd period - Vladislav Gavrikov is hit by Mark Stone and loses puck.
1:39 of 3rd period - Shot by Mark Scheifele.
1:39 of 3rd period - Shot Misses the Net.
1:41 of 3rd period - Shot by Roman Josi.
1:41 of 3rd period - Stopped by Vitek Vanecek with a rebound.
1:43 of 3rd period - Shot by Vladislav Gavrikov.
1:43 of 3rd period - Stopped by Vitek Vanecek without a rebound.
1:44 of 3rd period - Frederick Gaudreau wins face-off versus Oskar Sundqvist in LOS ANGELES Kings zone.
1:44 of 3rd period - Frederick Gaudreau is hit by Calle Rosen.
1:53 of 3rd period - Minor Penalty to Marcus Pettersson for Slashing.
1:54 of 3rd period - Auston Matthews wins face-off versus Mitchell Marner in LOS ANGELES Kings zone.
1:55 of 3rd period - Shot by Roman Josi.
1:55 of 3rd period - Shot Blocked by Drew Doughty.
1:57 of 3rd period - Shot by Ryan Nugent-Hopkins.
1:57 of 3rd period - Shot Blocked by Rasmus Andersson.
1:59 of 3rd period - Shot by Roman Josi.
1:59 of 3rd period - Stopped by Vitek Vanecek without a rebound.
2:00 of 3rd period - Auston Matthews wins face-off versus Mitchell Marner in LOS ANGELES Kings zone.
2:07 of 3rd period - Shot by Auston Matthews.
2:07 of 3rd period - Shot Misses the Net.
2:09 of 3rd period - Shot by Mark Scheifele.
2:09 of 3rd period - Stopped by Vitek Vanecek with a rebound.
2:11 of 3rd period - Shot by Roman Josi.
2:11 of 3rd period - Shot Misses the Net.
2:13 of 3rd period - Shot by Mark Scheifele.
2:13 of 3rd period - Shot Misses the Net.
2:15 of 3rd period - Shot by Roman Josi.
2:15 of 3rd period - Stopped by Vitek Vanecek without a rebound.
2:16 of 3rd period - Mitchell Marner wins face-off versus Ryan Hartman in LOS ANGELES Kings zone.
2:57 of 3rd period - Shot by Sam Reinhart.
2:57 of 3rd period - Stopped by Vitek Vanecek without a rebound.
2:58 of 3rd period - Mark Scheifele wins face-off versus Mitchell Marner in LOS ANGELES Kings zone.
3:11 of 3rd period - Shot by Mark Scheifele.
3:11 of 3rd period - Stopped by Vitek Vanecek without a rebound.
3:12 of 3rd period - Auston Matthews wins face-off versus Anze Kopitar in LOS ANGELES Kings zone.
3:12 of 3rd period - Scott Mayfield is hit by Drew Doughty and loses puck.
3:31 of 3rd period - Shot by Drew Doughty.
3:31 of 3rd period - Stopped by Andrei Vasilevskiy without a rebound.
3:32 of 3rd period - Mitchell Marner wins face-off versus Ryan Hartman in ARIZONA Coyotes zone.
3:47 of 3rd period - Drew Doughty is hit by Sam Reinhart and loses puck.
4:08 of 3rd period - Off-side.
4:09 of 3rd period - Oskar Sundqvist wins face-off versus Auston Matthews in neutral zone.
4:33 of 3rd period - Shot by Auston Matthews.
4:33 of 3rd period - Deflect By Artemi Panarin.
4:33 of 3rd period - Stopped by Vitek Vanecek without a rebound.
4:34 of 3rd period - Mark Scheifele wins face-off versus Dawson Mercer in LOS ANGELES Kings zone.
4:44 of 3rd period - Icing by Hampus Lindholm.
4:45 of 3rd period - Dawson Mercer wins face-off versus Frederick Gaudreau in LOS ANGELES Kings zone.
4:45 of 3rd period - Dawson Mercer is hit by Michael Bunting.
4:48 of 3rd period - Mitchell Marner is hit by Ryan Hartman and loses puck.
4:56 of 3rd period - Mitchell Marner is hit by Jonas Siegenthaler and loses puck.
5:15 of 3rd period - Shot by Michael Bunting.
5:15 of 3rd period - Stopped by Vitek Vanecek without a rebound.
5:16 of 3rd period - Auston Matthews wins face-off versus Anze Kopitar in LOS ANGELES Kings zone.
5:39 of 3rd period - Shot by Dominik Kubalik.
5:39 of 3rd period - Shot Misses the Net.
5:53 of 3rd period - Shot by Mark Stone.
5:53 of 3rd period - Shot Misses the Net.
5:59 of 3rd period - Shot by Anze Kopitar.
5:59 of 3rd period - Shot Misses the Net.
6:01 of 3rd period - Shot by Mark Stone.
6:01 of 3rd period - Stopped by Andrei Vasilevskiy without a rebound.
6:02 of 3rd period - Dawson Mercer wins face-off versus Mark Scheifele in ARIZONA Coyotes zone.
6:13 of 3rd period - Shot by Dawson Mercer.
6:13 of 3rd period - Stopped by Andrei Vasilevskiy with a rebound.
6:15 of 3rd period - Shot by Jonathan Huberdeau.
6:15 of 3rd period - Shot Misses the Net.
6:17 of 3rd period - Shot by Mitchell Marner.
6:17 of 3rd period - Deflect By Dawson Mercer.
6:17 of 3rd period - Stopped by Andrei Vasilevskiy without a rebound.
6:18 of 3rd period - Frederick Gaudreau wins face-off versus Oskar Sundqvist in ARIZONA Coyotes zone.
6:23 of 3rd period - Shot by Michael Bunting.
6:23 of 3rd period - Shot Misses the Net.
6:29 of 3rd period - Shot by Ryan Hartman.
6:29 of 3rd period - Stopped by Vitek Vanecek without a rebound.
6:30 of 3rd period - Mark Scheifele wins face-off versus Dawson Mercer in LOS ANGELES Kings zone.
6:30 of 3rd period - Ryan Nugent-Hopkins is hit by Hampus Lindholm and loses puck.
6:49 of 3rd period - Shot by Mitchell Marner.
6:49 of 3rd period - Shot Misses the Net.
7:07 of 3rd period - Ryan Nugent-Hopkins is hit by Mitchell Marner.
7:16 of 3rd period - Off-side.
7:17 of 3rd period - Anze Kopitar wins face-off versus Auston Matthews in neutral zone.
7:19 of 3rd period - Drew Doughty is hit by Vladislav Gavrikov and loses puck.
7:40 of 3rd period - Shot by Auston Matthews.
7:40 of 3rd period - Shot Misses the Net.
7:51 of 3rd period - Minor Penalty to Marc Staal for Holding.
7:52 of 3rd period - Mitchell Marner wins face-off versus Sam Reinhart in LOS ANGELES Kings zone.
8:27 of 3rd period - Shot by Michael Bunting.
8:27 of 3rd period - Deflect By Ryan Hartman.
8:27 of 3rd period - Shot Misses the Net.
8:45 of 3rd period - Shot by Artemi Panarin.
8:45 of 3rd period - Stopped by Vitek Vanecek without a rebound.
8:46 of 3rd period - Anze Kopitar wins face-off versus Auston Matthews in LOS ANGELES Kings zone.
9:01 of 3rd period - Mark Scheifele is hit by Mitchell Marner and loses puck.
9:08 of 3rd period - Shot by Ryan Nugent-Hopkins.
9:08 of 3rd period - Stopped by Vitek Vanecek without a rebound.
9:09 of 3rd period - Anze Kopitar wins face-off versus Auston Matthews in LOS ANGELES Kings zone.
9:09 of 3rd period - Anze Kopitar is hit by Auston Matthews.
10:05 of 3rd period - Shot by Garnet Hathaway.
10:05 of 3rd period - Shot Misses the Net.
10:07 of 3rd period - Shot by Nick Bonino.
10:07 of 3rd period - Stopped by Vitek Vanecek with a rebound.
11:05 of 3rd period - Shot by Ryan Hartman.
11:05 of 3rd period - Stopped by Vitek Vanecek without a rebound.
11:06 of 3rd period - Anze Kopitar wins face-off versus Mark Scheifele in LOS ANGELES Kings zone.
11:21 of 3rd period - Shot by Anze Kopitar.
11:21 of 3rd period - Deflect By Mark Stone.
11:21 of 3rd period - Shot Misses the Net.
11:32 of 3rd period - Rickard Rakell is hit by Rasmus Andersson.
11:46 of 3rd period - Shot by Anze Kopitar.
11:46 of 3rd period - Stopped by Andrei Vasilevskiy without a rebound.
11:47 of 3rd period - Auston Matthews wins face-off versus Dawson Mercer in ARIZONA Coyotes zone.
11:56 of 3rd period - Shot by Sam Reinhart.
11:56 of 3rd period - Deflect By Artemi Panarin.
11:56 of 3rd period - Stopped by Vitek Vanecek without a rebound.
11:57 of 3rd period - Auston Matthews wins face-off versus Mitchell Marner in LOS ANGELES Kings zone.
11:58 of 3rd period - Shot by Sam Reinhart.
11:58 of 3rd period - Shot Misses the Net.
12:07 of 3rd period - Minor Penalty to Jonas Siegenthaler for Hooking.
12:08 of 3rd period - Pierre Engvall wins face-off versus Brandon Sutter in ARIZONA Coyotes zone.
12:08 of 3rd period - Marcus Pettersson is hit by Alec Martinez and loses puck.
12:28 of 3rd period - Icing by Hampus Lindholm.
12:29 of 3rd period - Brandon Sutter wins face-off versus Pierre Engvall in LOS ANGELES Kings zone.
12:42 of 3rd period - Shot by Marcus Pettersson.
12:42 of 3rd period - Shot Misses the Net.
12:44 of 3rd period - Shot by Hampus Lindholm.
12:44 of 3rd period - Stopped by Andrei Vasilevskiy with a rebound.
12:46 of 3rd period - Shot by Mitchell Marner.
12:46 of 3rd period - Shot Misses the Net.
12:48 of 3rd period - Shot by Hampus Lindholm.
12:48 of 3rd period - Shot Blocked by Vladislav Gavrikov.
12:50 of 3rd period - Shot by Hampus Lindholm.
12:50 of 3rd period - Stopped by Andrei Vasilevskiy without a rebound.
12:51 of 3rd period - Brandon Sutter wins face-off versus Anze Kopitar in ARIZONA Coyotes zone.
14:30 of 3rd period - Shot by Marcus Pettersson.
14:30 of 3rd period - Stopped by Andrei Vasilevskiy with a rebound.
14:36 of 3rd period - Shot by Rem Pitlick.
14:36 of 3rd period - Stopped by Andrei Vasilevskiy without a rebound.
14:37 of 3rd period - Joel Kiviranta wins face-off versus Frederick Gaudreau in ARIZONA Coyotes zone.
15:40 of 3rd period - Shot by Sam Reinhart.
15:40 of 3rd period - Shot Misses the Net.
16:22 of 3rd period - Shot by Mark Scheifele.
16:22 of 3rd period - Shot Misses the Net.
16:24 of 3rd period - Shot by Mikey Anderson.
16:24 of 3rd period - Stopped by Vitek Vanecek without a rebound.
16:25 of 3rd period - Mark Stone wins face-off versus Garnet Hathaway in LOS ANGELES Kings zone.
16:54 of 3rd period - Alec Martinez is hit by Dominik Kubalik.
17:37 of 3rd period - Off-side.
17:38 of 3rd period - Sam Reinhart wins face-off versus Oskar Sundqvist in neutral zone.
17:46 of 3rd period - Shot by Artemi Panarin.
17:46 of 3rd period - Stopped by Vitek Vanecek without a rebound.
17:47 of 3rd period - Auston Matthews wins face-off versus Dawson Mercer in LOS ANGELES Kings zone.
17:54 of 3rd period - Shot by Auston Matthews.
17:54 of 3rd period - Shot Blocked by Calle Rosen.
17:56 of 3rd period - Shot by Vladislav Gavrikov.
17:56 of 3rd period - Shot Misses the Net.
17:58 of 3rd period - Shot by Sam Reinhart.
17:58 of 3rd period - Deflect By Artemi Panarin.
17:58 of 3rd period - Stopped by Vitek Vanecek without a rebound.
17:59 of 3rd period - Oskar Sundqvist wins face-off versus Mark Scheifele in LOS ANGELES Kings zone.
18:23 of 3rd period - Rickard Rakell is hit by Rasmus Andersson and loses puck.
18:28 of 3rd period - Shot by Mark Scheifele.
18:28 of 3rd period - Shot Misses the Net.
18:30 of 3rd period - Shot by Scott Mayfield.
18:30 of 3rd period - Stopped by Vitek Vanecek without a rebound.
18:31 of 3rd period - Anze Kopitar wins face-off versus Auston Matthews in LOS ANGELES Kings zone.
18:47 of 3rd period - Icing by Vladislav Gavrikov.
18:48 of 3rd period - Auston Matthews wins face-off versus Mitchell Marner in ARIZONA Coyotes zone.
19:05 of 3rd period - Shot by Vladislav Gavrikov.
19:05 of 3rd period - Shot Misses the Net.
19:23 of 3rd period - Shot by Auston Matthews.
19:23 of 3rd period - Shot Misses the Net.
19:43 of 3rd period - Off-side.
19:44 of 3rd period - Anze Kopitar wins face-off versus Mark Scheifele in neutral zone.
19:55 of 3rd period - Scott Mayfield is hit by Dominik Kubalik and loses puck.
Goals for this period are 0 for ARIZONA Coyotes vs 0 for LOS ANGELES Kings.
Shots for this period are 21 for ARIZONA Coyotes vs 9 for LOS ANGELES Kings. Output by the SimonT Hockey Simulator (STHS) for Martin Benoit - Original Page W3C HTML5 Valid
Hockey Simulator - Hockey Simulation - Hockey Manager